 Dungeon Crawl Stone Soup version 0.19.1 (webtiles) character file.

193 Melicamp the Bolt Thrower (level 5, -11/38 HPs)
             Began as a Merfolk Hunter on Nov 26, 2016.
             Mangled by an ogre
             ... wielding a +0 giant club
              (24 damage)
             ... on level 4 of the Dungeon.
             The game lasted 00:11:52 (3070 turns).

Melicamp the Bolt Thrower (Merfolk Hunter)          Turns: 3070, Time: 00:11:52

Health: -11/38     AC:  6    Str: 13    XL:     5   Next: 72%
Magic:  5/5        EV: 11    Int: 10    God:
Gold:   166        SH:  0    Dex: 15    Spells: 0 memorised, 4 levels left

rFire  . . .     SeeInvis .     a - +1 hand crossbow
rCold  . . .     Gourm    .     q - +0 ring mail
rNeg   . . .     Faith    +     (no shield)
rPois  .         Spirit   .     (no helmet)
rElec  .         Reflect  .     w - +0 cloak
rCorr  .         Harm     .     (no gloves)
MR     .....                    (no boots)
Stlth  +.........               m - amulet of faith
                                (no ring)
                                (no ring)

@: no status effects
A: change form in water, swift swim, stealthy swim
a: no special abilities


You were on level 4 of the Dungeon.
You were not hungry.

You visited 1 branch of the dungeon, and saw 4 of its levels.

You collected 166 gold pieces.

Inventory:

Hand Weapons
 a - a +1 hand crossbow (weapon)
 b - a +0 short sword
Missiles
 d - 15 bolts (quivered)
Armour
 q - a +0 ring mail (worn)
 w - a +0 cloak (worn)
Jewellery
 m - an amulet of faith (around neck)
 s - an uncursed amulet of magic regeneration
 t - an uncursed amulet of magic regeneration
Wands
 o - a wand of polymorph (13/24)
Scrolls
 h - a scroll of teleportation
 r - a scroll of fear
Potions
 c - a potion of invisibility
 e - a potion of haste {unknown}
 j - a potion of agility {unknown}
 k - a potion of magic {unknown}
 l - 2 potions of berserk rage {unknown}
 n - a potion of degeneration {unknown}
 p - a potion of might {unknown}
 u - a potion of flight {unknown}
Comestibles
 f - 3 bread rations
 g - 2 fruits
 i - 3 meat rations
 v - 3 chunks of flesh


   Skills:
 - Level 2.1 Fighting
 * Level 5.6 Crossbows
 - Level 2.6 Dodging
 - Level 1.1 Stealth


You had 4 spell levels left.
You didn't know any spells.

Dungeon Overview and Level Annotations

Branches:
Dungeon (4/15)             Temple (0/1) D:4

Altars:
Makhleb
Nemelex Xobeh
Ru
Uskayaw


Message History

Press: ? - help, Shift-Dir - straight line, f - ogre
Aim: an ogre, wielding a giant club
Okay, then.
Firing (i - inventory):
d - 17 bolts (quivered)
Press: ? - help, Shift-Dir - straight line, f - ogre
Aim: an ogre, wielding a giant club You shoot a bolt.
The bolt hits the ogre!
The ogre is moderately wounded.
There is a stone staircase leading up here.
Firing (i - inventory):
d - 16 bolts (quivered)
Press: ? - help, Shift-Dir - straight line, f/p - ogre
Aim: an ogre, wielding a giant club (moderately wounded)
You shoot a bolt. The bolt hits the ogre!
The ogre is heavily wounded.
The ogre hits you with a giant club!!
Ouch! That really hurt!
Found a staircase to the Ecumenical Temple.
The ogre hits you with a giant club!!
Ouch! That really hurt!
You die...

... ...## ###.###...###
..#....#... # #.......#
#.### #...)#.#
.....##.<(...##
#>##..........#####.#
#......O............#
........@.<....##########
####.###...#........(....
#. #...#.#.#########. #
#......## #. ....##.## #.
.........# #. ..######.##
.. .. ### ##


You could see an ogre.

Vanquished Creatures
  Crazy Yiuf (D:3)
  An orc wizard (D:3)
  Robin (D:2)
  5 adders
  2 oozes (D:1)
  2 worms
  3 dart slugs
  3 orcs (D:3)
  11 goblins
  7 hobgoblins
  6 kobolds
  3 quokkas (D:2)
  5 bats
  5 frilled lizards
  6 rats
61 creatures vanquished.

Notes
Turn   | Place    | Note
-------+----------+-------------------------------------------
     0 | D:1      | Melicamp the Merfolk Hunter began the quest for the Orb.
     0 | D:1      | Reached XP level 1. HP: 16/16 MP: 1/1
   371 | D:1      | Reached XP level 2. HP: 22/22 MP: 2/2
   929 | D:1      | Reached skill level 4 in Crossbows
  1102 | D:2      | Reached XP level 3. HP: 27/27 MP: 3/3
  1208 | D:2      | Noticed Robin
  1388 | D:2      | Killed Robin
  1388 | D:2      | Reached XP level 4. HP: 33/33 MP: 4/4
  1832 | D:2      | Found a hide-covered altar of Uskayaw.
  2070 | D:3      | Reached skill level 5 in Crossbows
  2339 | D:3      | Reached XP level 5. HP: 38/38 MP: 5/5
  2619 | D:3      | Found a burning altar of Makhleb.
  2619 | D:3      | Found a sparkling altar of Nemelex Xobeh.
  2624 | D:3      | Found a faded altar of an unknown god.
  2626 | D:3      | Found a sacrificial altar of Ru.
  2628 | D:3      | Found a faded altar of an unknown god.
  2801 | D:3      | Found a runed door.
  2843 | D:3      | Noticed Crazy Yiuf
  2849 | D:3      | Killed Crazy Yiuf
  3046 | D:4      | Noticed an ogre
  3068 | D:4      | Found a staircase to the Ecumenical Temple.
  3070 | D:4      | Mangled by an ogre

Skill      XL: |  1  2  3  4 |
---------------+-------------+-----
Crossbows      | 4 5 |  5.6
Fighting       | |  2.1
Dodging        | |  2.6
Stealth        | |  1.1

Action                   |  1- 3 |  4- 6 || total
-------------------------+-------+-------++-------
 Fire: Hand crossbow     |    70 |    70 ||   140
  Use: Scroll            |     2 |     6 ||     8
  Eat: Chunk             |     1 |     2 ||     3
       Bread ration      |       |     1 ||     1
Armor: Leather armour    |    11 |     3 ||    14
       Ring mail         |       |     1 ||     1
Dodge: Dodged            |    24 |     9 ||    33
